 Dungeon Crawl Stone Soup version 0.25.0-11-g1f837a76a1 (webtiles) character file.

Game seed: 2388615717112412850

(classic levelgen) 317 EnegeticOcto the Chopper (level 6, 48/57 HPs)
             Began as a Deep Dwarf Fighter on June 27, 2020.
             Quit the game on level 6 of the Dungeon.
             The game lasted 00:02:10 (1367 turns).

EnegeticOcto the Chopper (Deep Dwarf Fighter)       Turns: 1367, Time: 00:02:11

Health: 48/57      AC:  7    Str: 22    XL:     6   Next: 20%
Magic:  4/4        EV:  7    Int:  8    God:
Gold:   128        SH: 10    Dex: 12    Spells: 5/5 levels left

rFire    . . .     SeeInvis .   a - +0 war axe
rCold    . . .     Gourm    .   c - +0 kite shield
rNeg     . . .     Faith    .   b - +0 scale mail
rPois    .         Spirit   .   (no helmet)
rElec    .         Reflect  .   (no cloak)
rCorr    .         Harm     .   (no gloves)
MR       .....                  (no boots)
Stlth    ..........             (no amulet)
HPRegen  0.00/turn              (no ring)
MPRegen  0.09/turn              (no ring)

@: non-regenerating
A: damage resistance, heal wounds, sense surroundings 1, no regeneration
a: Heal Wounds


You were on level 6 of the Dungeon.
You were very hungry.

You visited 1 branch of the dungeon, and saw 6 of its levels.

You collected 128 gold pieces.

Inventory:

Hand Weapons
 a - a +0 war axe (weapon)
Armour
 b - a +0 scale mail (worn)
 c - a +0 kite shield (worn)
Wands
 t - a wand of paralysis (8)
Scrolls
 g - 3 scrolls of magic mapping {unknown}
 h - a scroll of immolation {unknown}
 k - a scroll of noise {unknown}
 l - 2 scrolls of identify {unknown}
 n - 2 scrolls of teleportation {unknown}
 o - 2 scrolls of enchant weapon {unknown}
 r - 2 scrolls of fog {unknown}
Potions
 d - 2 potions of might {@q3 !q}
 i - a potion of stabbing {unknown}
 j - a potion of ambrosia {unknown}
 m - a potion of degeneration {unknown}
 p - a potion of mutation {unknown}
 q - 2 potions of magic {unknown}
 s - 2 potions of curing {unknown}
Comestibles
 e - 3 rations


   Skills:
 + Level 3.7 Fighting
 * Level 4.8 Axes
 + Level 4.4 Armour
 + Level 4.5 Shields


You had 5 spell levels left.
You didn't know any spells.
Your spell library was empty.

Dungeon Overview and Level Annotations

Branches:
Dungeon (7/15)
 Temple: D:4-7

Altars:
Ashenzari
Vehumet
Wu Jian

Annotations:
D:3 3 runed translucent doors, triki's ghost, novice FoAM
D:4 Dowan


Innate Abilities, Weirdness & Mutations

You are resistant to damage.
You can heal yourself by infusing magical energy.
You passively map a small area around you.
You do not regenerate.


Message History

You closely miss the crimson imp.
The crimson imp hits you but does no damage.
You block the crimson imp's attack.
You hit the crimson imp but do no damage.
You block the crimson imp's attack.
Your shield and scale mail prevent you from hitting the crimson imp.
The crimson imp puffs mist at you. The crimson imp barely misses you.
The crimson imp closely misses you.
You slash the crimson imp!
You kill the crimson imp!
No target in view!
No target in view!
No target in view!
No target in view!
No target in view!
No target in view!
No target in view!
No target in view!
No target in view!
No target in view!
No target in view!
No target in view!
No target in view!
Found a stone staircase leading up.
You open the door.
There is an open door here.
You open the door.
There is an open door here.
You open the door.
There is an open door here.
Found a radiant altar of Vehumet.
There is an open door here.
There is an open door here.
You open the door.
There is an open door here.
There is a stone staircase leading up here.
You climb upwards.
There is a stone staircase leading down here.
Found a robe.
You see here a robe.
You now have 128 gold pieces (gained 14).
You see here a robe.
An ice beast comes into view.
An ice beast is nearby!
An ice beast is nearby!
You barely miss the ice beast.
The ice beast hits you but does no damage.
You barely miss the ice beast. The ice beast hits you.
The ice beast freezes you.
The ice beast hits you but does no damage.
You hit the ice beast but do no damage.
The ice beast hits you but does no damage.
You hit the ice beast.
The ice beast is lightly wounded.
You block the ice beast's attack. x2
You hit the ice beast.
The ice beast is lightly wounded.
You block the ice beast's attack.
You slash the ice beast!
The ice beast is heavily wounded.
You block the ice beast's attack.
The ice beast hits you but does no damage.
You hit the ice beast but do no damage.
The ice beast is heavily wounded.
The ice beast barely misses you.
You closely miss the ice beast.
The ice beast is heavily wounded.
The ice beast completely misses you. The ice beast hits you.
The ice beast freezes you.
You hit the ice beast.
The ice beast is heavily wounded.
The ice beast hits you but does no damage.
You hit the ice beast.
The ice beast is severely wounded.
The ice beast barely misses you. You block the ice beast's attack.
You closely miss the ice beast.
The ice beast is severely wounded.
The ice beast hits you. The ice beast freezes you!
You are too injured to fight recklessly!
You are too injured to fight recklessly!
You are too injured to fight recklessly!
You are too injured to fight recklessly!
You are too injured to fight recklessly!
You are too injured to fight recklessly!
You are too injured to fight recklessly!
You fail to use your ability.
The ice beast hits you but does no damage.
You feel much better. The ice beast hits you. The ice beast freezes you!
You are feeling very hungry.
You slash the ice beast!
The ice beast is almost dead.
You block the ice beast's attack. The ice beast barely misses you.
You hit the ice beast.
You kill the ice beast!
Ashenzari seems mollified.
You have reached level 6!
Your experience leads to an increase in your attributes!
Increase (s)trength, (i)ntelligence, or (d)exterity?
You feel stronger.
Are you sure you want to abandon this character and quit the game? (Confirm with "yes".)

##..# * ## ,
##...# .####
##....# .#...
#.....## *#...
#####..######..#*
, ##......##..#*
##....#......#
##...######..##
##..### ##@.### *
##[.## #..>.#
#.### #......#* ,
*, #.####
#..###.... *
#....# #### ##..#
##..## ⌠ ** .#
#..# ≈≈≈≈ * # *
#..# , * ##.# , ,


There were no monsters in sight!

Vanquished Creatures
  An ice beast (D:6)
  A crimson imp (D:7)
  Crazy Yiuf (D:3)
  Jessica (D:2)
  3 gnolls (D:3)
  3 adders (D:2)
  2 oozes
  3 worms
  5 dart slugs
  3 leopard geckos
  An orc (D:3)
  A giant cockroach (D:3)
  7 goblins
  6 hobgoblins
  8 kobolds
  2 ball pythons (D:3)
  6 bats
  4 frilled lizards
  4 rats
62 creatures vanquished.

Notes
Turn   | Place    | Note
-------+----------+-------------------------------------------
     0 | D:1      | EnegeticOcto the Deep Dwarf Fighter began the quest for the
                  | Orb.
     0 | D:1      | Reached XP level 1. HP: 20/20 MP: 1/1
    37 | D:1      | Reached XP level 2. HP: 20/27 MP: 2/2
   177 | D:2      | Reached skill level 3 in Axes
   188 | D:2      | Noticed Jessica
   199 | D:2      | Killed Jessica
   199 | D:2      | Reached skill level 3 in Fighting
   199 | D:2      | Reached XP level 3. HP: 26/34 MP: 3/3
   214 | D:2      | Reached XP level 4. HP: 31/42 MP: 4/4
   223 | D:2      | Found an ornate altar of the Wu Jian Council.
   228 | D:2      | Found a shattered altar of Ashenzari.
   234 | D:2      | Became a worshipper of Ashenzari the Shackled
   235 | D:2      | Fell from the grace of Ashenzari
   407 | D:2      | Your magical essence is drained by the effort!
   480 | D:2      | Reached skill level 4 in Shields
   582 | D:3      | Reached skill level 4 in Armour
   586 | D:3      | Reached skill level 4 in Axes
   586 | D:3      | Reached XP level 5. HP: 41/49 MP: 4/4
   711 | D:3      | Found a runed translucent gate.
   712 | D:3      | Found a runed translucent gate.
   713 | D:3      | Found a runed translucent gate.
   715 | D:3      | Noticed triki's ghost (novice FoAM)
   941 | D:3      | Found a runed translucent door.
   942 | D:3      | Noticed Crazy Yiuf
  1140 | D:3      | Your magical essence is drained by the effort!
  1153 | D:3      | Killed Crazy Yiuf
  1208 | D:4      | Noticed Dowan
  1208 | D:4      | You fall into a shaft and drop 3 floors!
  1277 | D:7      | Found a radiant altar of Vehumet.
  1348 | D:6      | Noticed an ice beast
  1366 | D:6      | Killed an ice beast
  1366 | D:6      | Was forgiven by Ashenzari
  1366 | D:6      | Reached XP level 6. HP: 48/57 MP: 4/4
  1367 | D:6      | Quit the game

Illustrated notes

Levels and vault maps discovered:
D:1:      lightli_arrival_isolated_outpost, layout_rooms
D:2:      layout_rooms, grunt_temple_overflow_open, grunt_decor_mini_mirrors,
          uniq_jessica
D:3:      layout_rooms, ebering_ghost_rock_garden, uniq_crazy_yiuf_cottage
D:4:      layout_basic, minmay_temple_entry_sparse_star, first_ration,
          uniq_duvessa
D:6:      layout_layer_cave, lightli_temple_of_fire, fedhas_altar_decomposition,
          uniq_sigmund, uniq_eustachio, uniq_grinder, uniq_edmund
D:7:      layout_gridville, nicolae_overflow_crystal_walls, dk_noncrumbling_4,
          grunt_ogre_cave

Skill      XL: |  1  2  3  4 |
---------------+-------------+-----
Axes           | 3 4 |  4.8
Fighting       | 3 |  3.7
Shields        | 4 |  4.5
Armour         | 4 |  4.4

Action                   |  1- 3 |  4- 6 || total
-------------------------+-------+-------++-------
Melee: War axe           |    59 |   126 ||   185
Invok: Renounce Religion |       |     1 ||     1
 Abil: Heal Wounds       |     1 |     7 ||     8
  Eat: Chunk             |       |     1 ||     1
Armor: Scale mail        |    29 |    49 ||    78
Dodge: Dodged            |    18 |    25 ||    43
Block: Kite shield       |    37 |    53 ||    90
